AoeStats
← 拉拉车

Arena

509558462Analyzed
4v4 RM · 3d ago on Sep 27, 2026· 49m 53s· 8 players
Game mode
Random Map
Map size
Large (8 player)
Population
200
Speed
Normal
Resources
Standard
Victory
Conquest
Starting age
Dark Age
Ending age
Imperial Age
RankedLock teamsTeams togetherTeam positionsShared explorationLock speedFull tech treeHidden civsTurbo modeCheats
Victory
Defeat
1323
+11
🇳🇿 Burgundians · New Zealand
1225
+15
1175
+17
🇨🇳 Mapuche · China
1089
+22
🇨🇳 Mongols · China
1283
-19
🇺🇸 Persians · United States
1205
-16
🇲🇽 Bulgarians · Mexico
1198
-16
🇨🇳 Khmer · China
1148
-14
aaaaaaa
12:25 Feudal Age
13:36 Double-Bit Axe
14:19 Loom
16:48 Castle Age
16:38 Horse Collar
17:59 Bow Saw
17:51 Heavy Plow
20:02 Wheelbarrow
24:06 Hand Cart
29:11 Gold Mining
29:49 Fletching
30:25 Ballistics
30:56 Gold Shaft Mining
30:25 Bodkin Arrow
31:44 Scale Barding Armor
31:50 Forging
34:14 Imperial Age
34:12 Bloodlines
34:24 Chain Barding Armor
34:40 Iron Casting
34:21 Husbandry
34:54 Masonry
34:33 Cavalier
36:22 Plate Barding Armor
37:58 Light Cavalry
38:58 Pikeman
39:24 Gambesons
39:39 Squires
39:25 Arson
39:30 Hussar
InXision
8:53 Feudal Age
10:08 Wheelbarrow
9:30 Double-Bit Axe
9:28 Horse Collar
16:54 Castle Age
17:39 Bow Saw
17:31 Heavy Plow
24:06 Imperial Age
23:53 Gold Mining
25:32 Chemistry
25:52 Hand Cart
36:30 Bloodlines
36:21 Husbandry
36:30 Cavalier
39:13 Savar
40:54 Heavy Camel Rider
搞就完了
2:44 Loom
2:51 Loom
11:47 Feudal Age
13:01 Double-Bit Axe
12:58 Horse Collar
17:11 Castle Age
15:54 Gold Mining
15:54 Stone Mining
18:52 Heavy Plow
19:08 Bow Saw
19:58 Gold Shaft Mining
22:47 Wheelbarrow
26:31 Stone Shaft Mining
26:36 Hand Cart
30:56 Imperial Age
28:55 Forging
28:50 Scale Barding Armor
30:36 Husbandry
30:47 Bloodlines
31:17 Iron Casting
31:03 Chain Barding Armor
31:02 Elite Steppe Lancer
32:45 Blast Furnace
34:16 Conscription
41:36 Elite Mangudai
43:09 Light Cavalry
47:16 Ballistics
47:56 Chemistry
47:04 Loom
50:52 Hoardings
電動遊戯
12:52 Feudal Age
13:39 Loom
16:34 Castle Age
14:39 Horse Collar
15:29 Double-Bit Axe
18:01 Bow Saw
18:13 Fervor
27:49 Wheelbarrow
28:49 Stone Mining
28:51 Gold Mining
29:25 Fortified Wall
32:25 Imperial Age
30:54 Hand Cart
31:41 Stone Shaft Mining
31:44 Gold Shaft Mining
31:31 Ballistics
31:07 Murder Holes
31:04 Fletching
31:19 Scale Barding Armor
32:35 Town Watch
32:52 Bodkin Arrow
33:17 Chain Barding Armor
33:21 Bloodlines
33:11 Husbandry
32:47 Capped Ram
33:50 Conscription
33:53 Bracer
34:28 Plate Barding Armor
33:50 Siege Ram
34:37 Heavy Plow
35:12 Double Crossbow
35:34 Elite Ballista Elephant
36:35 Town Patrol
37:15 Crop Rotation
37:31 Siege Engineers
49:58 Chemistry
49:37 Forging
49:27 Scale Mail Armor
金光上人
10:33 Feudal Age
14:48 Castle Age
13:38 Double-Bit Axe
13:50 Horse Collar
14:51 Bow Saw
18:39 Loom
19:48 Heavy Plow
20:03 Gold Mining
21:18 Wheelbarrow
25:45 Gold Shaft Mining
28:39 Imperial Age
26:34 Squires
26:20 Arson
26:45 Scale Barding Armor
26:51 Forging
26:59 Treadmill Crane
28:04 Chain Barding Armor
28:29 Stone Mining
28:34 Town Watch
29:05 Hand Cart
29:04 Husbandry
29:52 Conscription
30:20 Stone Shaft Mining
30:41 Plate Barding Armor
30:41 Iron Casting
29:58 Fletching
31:19 Two-Man Saw
31:24 Chemistry
31:54 Guard Tower
32:07 Elite Coustillier
36:04 Blast Furnace
35:00 Bodkin Arrow
35:55 Padded Archer Armor
36:02 Padded Archer Armor
38:13 Scale Mail Armor
38:13 Bracer
38:29 Leather Archer Armor
40:27 Hoardings
40:07 Guilds
42:15 Burgundian Vineyards
42:01 Arson
41:37 Pikeman
42:35 Chain Mail Armor
46:58 Plate Mail Armor
48:08 Capped Ram
49:12 Ballistics
49:28 Keep
48:39 Arrowslits
49:07 Masonry
微操大师蒋中正
9:52 Feudal Age
13:58 Castle Age
12:42 Double-Bit Axe
13:02 Horse Collar
20:30 Bow Saw
21:39 Loom
23:14 Wheelbarrow
26:28 Scale Mail Armor
29:31 Imperial Age
26:47 Town Watch
27:18 Hand Cart
26:52 Treadmill Crane
28:31 Forging
28:37 Chain Mail Armor
28:28 Stone Mining
28:28 Gold Mining
28:37 Gold Mining
30:38 Iron Casting
29:55 Fletching
30:46 Conscription
30:31 Squires
29:58 Capped Ram
31:55 Plate Mail Armor
32:04 Stone Shaft Mining
32:25 Ballistics
33:06 Chemistry
33:41 Elite Varangian Guard
36:34 Elite Jarl
37:10 Arson
37:11 Gambesons
37:37 Pikeman
39:27 Blast Furnace
38:23 Bodkin Arrow
38:35 Halberdier
41:11 Murder Holes
41:27 Masonry
42:18 Bracer
44:07 Fortified Wall
46:35 Onager
48:41 Siege Ram
重案组之虎曹达华JESSEJAMES
10:32 Feudal Age
11:35 Double-Bit Axe
14:05 Castle Age
12:52 Horse Collar
14:02 Loom
14:14 Stone Mining
15:26 Bow Saw
22:42 Gold Mining
23:35 Heavy Plow
25:15 Gold Shaft Mining
25:24 Wheelbarrow
28:45 Imperial Age
27:28 Hand Cart
30:47 Conscription
30:28 Double Crossbow
30:23 Fletching
30:24 Heavy Scorpion
32:06 Bodkin Arrow
33:17 Chemistry
32:39 Ballistics
32:25 Siege Engineers
33:21 Bracer
35:47 Sappers
37:22 Scale Mail Armor
37:33 Forging
38:12 Pikeman
38:38 Arson
39:10 Chain Mail Armor
40:33 Halberdier
48:10 Iron Casting
拉拉车
10:33 Feudal Age
15:00 Castle Age
14:16 Double-Bit Axe
14:16 Horse Collar
16:09 Bow Saw
16:00 Heavy Plow
19:29 Stone Mining
19:30 Gold Mining
22:52 Wheelbarrow
27:32 Imperial Age
26:23 Hand Cart
25:54 Loom
25:56 Town Watch
26:55 Padded Archer Armor
28:38 Gold Shaft Mining
28:39 Stone Shaft Mining
29:45 Malon
30:12 Conscription
30:38 Ballistics
31:19 Chemistry
30:56 Elite Bolas Rider
31:34 Fletching
32:18 Bodkin Arrow
32:39 Leather Archer Armor
32:26 Scale Mail Armor
33:43 Butalmapu
36:32 Ring Archer Armor
36:13 Forging
36:19 Chain Mail Armor
38:10 Town Patrol
38:29 Sappers
42:30 Hoardings
49:02 Crop Rotation
Connection lost

Rejoining the realm…

Still unreachable

The connection could not be restored.

Session expired

The server has moved on; the page needs a fresh start.